Map: Emerald City LE

Players

Creepoulet - Winner!

  • Race: Zerg Zerg
  • Spawn Location: 5:00

Zalltor - Winner!

  • Race: Protoss Protoss
  • Spawn Location: 5:00

VOD

Have the link to the VOD?

Description

Time

  • Played on: March 23, 2019, 1:05 p.m.
  • Length: 39:47
Show
View Real Time Build Order
Export as new Build Order

Creepoulet Zerg - Winner!

Build Orders:  

Get SALT Encoding   

  12  0:05  Drone  
  13  0:23  Overlord  
  13  0:31  Overlord  
  13  1:13  Overlord  
  13  1:14  Drone x2  
  15  1:29  Spawning Pool  
  14  1:33  Extractor  
  14  1:38  Extractor  
  12  1:52  Overlord  
  12  1:53  Drone  
  13  2:25  Hatchery  
  12  3:05  Queen  
  14  3:39  Drone  
  15  3:40  Drone  
  15  3:41  Drone  
  17  4:12  Evolution Chamber  
  17  4:18  Drone  
  17  4:22  Drone  
  18  4:44  Metabolic Boost  
  18  4:53  Zergling x2  
  18  4:54  Zergling x4  
  21  5:20  Queen  
  23  5:33  Zergling x2  
  23  5:34  Zergling x2  
  25  5:54  Zerg Melee Weapons Level 1  
  25  6:01  Drone  
  26  6:44  Lair  
  26  6:54  Roach Warren  
  25  7:07  Zergling x4  
  20  7:43  Zergling x4  
  20  7:44  Zergling x2  
  21  7:54  Roach x2  
  20  8:20  Zergling x2  
  20  8:21  Zergling x2  
  22  8:34  Zergling x2  
  18  9:27  Roach x4  
  21  9:50  Zergling x4  
  11  20:46  Extractor  
Show
View Real Time Build Order
Export as new Build Order

Zalltor Protoss - Winner!

Build Orders:  

Get SALT Encoding   

  12  0:09  Probe (Chrono Boost)  
  13  0:23  Probe (Chrono Boost)  
  13  0:29  Pylon  
  14  1:15  Nexus  
  14  1:24  Probe (Chrono Boost)  
  16  1:41  Probe (Chrono Boost)  
  16  1:58  Probe (Chrono Boost)  
  17  2:15  Probe (Chrono Boost)  
  18  2:24  Nexus  
  19  2:32  Probe (Chrono Boost)  
  19  2:58  Assimilator  
  19  3:03  Assimilator  
  19  3:09  Gateway  
  19  3:31  Probe (Chrono Boost)  
  20  3:42  Probe (Chrono Boost)  
  21  3:54  Probe (Chrono Boost)  
  22  4:06  Probe (Chrono Boost)  
  23  4:26  Probe (Chrono Boost)  
  24  4:31  Cybernetics Core  
  24  4:32  Probe (Chrono Boost)  
  24  4:37  Probe (Chrono Boost)  
  25  4:43  Probe (Chrono Boost)  
  25  4:46  Probe (Chrono Boost)  
  28  4:51  Probe (Chrono Boost)  
  28  4:56  Probe (Chrono Boost)  
  30  5:08  Probe (Chrono Boost)  
  32  5:10  Probe (Chrono Boost)  
  32  5:13  Probe (Chrono Boost)  
  33  5:25  Probe (Chrono Boost)  
  33  5:27  Probe (Chrono Boost)  
  36  5:30  Probe (Chrono Boost)  
  36  5:33  Pylon  
  36  5:44  Probe (Chrono Boost)  
  36  5:47  Probe (Chrono Boost)  
  38  5:52  Pylon  
  39  6:01  Probe (Chrono Boost)  
  39  6:02  Shield Battery  
  39  6:04  Probe (Chrono Boost)  
  39  6:05  Shield Battery  
  40  6:18  Probe (Chrono Boost)  
  40  6:19  Assimilator  
  42  6:21  Probe (Chrono Boost)  
  42  6:24  Assimilator  
  42  6:30  Assimilator  
  42  6:35  Assimilator  
  42  6:37  Probe (Chrono Boost)  
  43  6:41  Probe (Chrono Boost)  
  43  6:48  Probe (Chrono Boost)  
  44  6:52  Probe (Chrono Boost)  
  46  7:00  Probe (Chrono Boost)  
  46  7:06  Probe (Chrono Boost)  
  48  7:15  Probe (Chrono Boost)  
  49  7:23  Probe (Chrono Boost)  
  51  7:32  Probe (Chrono Boost)  
  51  7:38  Warp Gate  
  52  7:40  Probe (Chrono Boost)  
  52  7:41  Shield Battery  
  52  7:43  Probe (Chrono Boost)  
  52  7:44  Shield Battery  
  53  7:54  Zealot  
  53  7:55  Probe (Chrono Boost)  
  54  8:09  Probe (Chrono Boost)  
  57  8:24  Zealot  
  57  8:26  Probe (Chrono Boost)  
  57  8:30  Probe (Chrono Boost)  
  57  8:32  Probe (Chrono Boost)  
  57  8:38  Protoss Air Weapons Level 1  
  57  8:43  Probe (Chrono Boost)  
  57  8:47  Probe (Chrono Boost)  
  54  9:06  Probe (Chrono Boost)  
  53  9:23  Pylon, Probe (Chrono Boost)  
  53  9:27  Pylon x2  
  54  9:30  Pylon  
  54  9:37  Zealot  
  54  9:43  Probe (Chrono Boost)  
  53  9:59  Probe (Chrono Boost)  
  54  10:16  Probe (Chrono Boost)  
  55  10:27  Probe (Chrono Boost)  
  56  10:33  Probe (Chrono Boost)  
  57  10:43  Nexus  
  57  10:44  Stargate, Probe (Chrono Boost)  
  57  10:46  Stargate  
  57  10:48  Stargate  
  59  10:50  Probe (Chrono Boost)  
  59  10:51  Stargate  
  59  10:54  Stargate  
  60  11:01  Probe (Chrono Boost)  
  60  11:07  Probe (Chrono Boost)  
  61  11:10  Stalker  
  61  11:18  Probe (Chrono Boost)  
  64  11:39  Pylon  
  64  12:07  Void Ray, Shield Battery  
  64  12:08  Shield Battery  
  64  12:09  Probe (Chrono Boost)  
  64  12:11  Void Ray  
  64  12:12  Void Ray x3  
  65  12:20  Probe (Chrono Boost)  
  82  12:34  Probe (Chrono Boost)  
  64  12:51  Probe (Chrono Boost)  
  64  12:58  Void Ray  
  60  13:07  Void Ray  
  61  13:12  Void Ray x3  
  73  13:38  Probe (Chrono Boost)  
  64  14:51  Nexus  
  64  15:06  Nexus  
  64  15:24  Fleet Beacon  
  64  15:55  Pylon  
  64  15:56  Pylon  
  64  15:58  Pylon  
  64  15:59  Pylon  
  64  16:00  Pylon  
  64  16:03  Pylon  
  64  16:09  Pylon  
  64  16:15  Pylon  
  64  16:24  Void Ray  
  64  16:25  Void Ray x2, Probe (Chrono Boost)  
  64  16:28  Void Ray x2  
  85  16:31  Pylon  
  85  16:36  Probe (Chrono Boost)  
  86  16:47  Probe x2 (Chrono Boost)  
  86  16:48  Probe (Chrono Boost)  
  89  17:05  Probe (Chrono Boost)  
  90  17:11  Carrier  
  90  17:22  Probe (Chrono Boost)  
  90  17:26  Carrier  
  90  17:27  Void Ray  
  105  17:41  Probe (Chrono Boost)  
  112  17:52  Probe (Chrono Boost)  
  112  17:54  Void Ray  
  113  18:02  Probe (Chrono Boost)  
  113  18:09  Assimilator  
  114  18:15  Carrier  
  114  18:19  Probe (Chrono Boost)  
  115  18:24  Carrier  
  115  18:25  Assimilator  
  115  18:36  Probe (Chrono Boost)  
  116  18:45  Probe (Chrono Boost)  
  123  18:53  Probe (Chrono Boost)  
  123  18:57  Probe (Chrono Boost)  
  131  19:01  Probe (Chrono Boost)  
  131  19:09  Probe (Chrono Boost)  
  133  19:10  Probe (Chrono Boost)  
  133  19:14  Probe (Chrono Boost)  
  135  19:25  Probe (Chrono Boost)  
  135  19:27  Probe (Chrono Boost)  
  137  19:38  Probe (Chrono Boost)  
  138  19:44  Probe (Chrono Boost)  
  138  19:47  Pylon x2  
  138  19:48  Pylon  
  139  19:55  Probe (Chrono Boost)  
  140  20:07  Probe (Chrono Boost)  
  140  20:11  Carrier x2  
  140  20:12  Probe (Chrono Boost)  
  140  20:18  Probe (Chrono Boost)  
  141  20:23  Probe (Chrono Boost)  
  143  20:30  Probe (Chrono Boost)  
  143  20:36  Probe (Chrono Boost)  
  146  20:46  Probe (Chrono Boost)  
  146  20:47  Probe (Chrono Boost)  
  146  20:49  Carrier  
  160  21:00  Probe (Chrono Boost)  
  160  21:07  Carrier  
  160  21:08  Pylon, Carrier  
  160  21:09  Pylon, Probe (Chrono Boost)  
  161  21:10  Pylon  
  161  21:11  Pylon  
  161  21:17  Pylon, Probe (Chrono Boost)  
  161  21:19  Pylon  
  162  21:26  Probe (Chrono Boost)  
  169  21:43  Probe (Chrono Boost)  
  182  22:33  Carrier x2  
  182  22:37  Carrier  
  182  22:38  Carrier  
  182  22:49  Carrier  
  160  24:02  Carrier  
  160  24:03  Carrier  
  160  24:07  Carrier  
  160  24:08  Carrier  
  166  24:55  Void Ray  
  152  25:55  Void Ray  
  150  26:02  Void Ray  
  150  26:03  Void Ray  
  154  27:50  Void Ray x3  
  154  27:51  Void Ray x2  
  160  28:50  Void Ray x4  
  160  28:51  Void Ray  
  176  29:54  Carrier x3  
  176  29:55  Carrier  
Tags
 
Add a new tag
Caveats
  • Supply blocks, unpowered buildings, or Contaminate may cause inaccurate times.
  • Supply counts are checked every 10 seconds.